 Dungeon Crawl Stone Soup version 0.27-a0-984-g00e00afbbc (webtiles) character file.

Game seed: 13348630976265514689

146360 Froggeryz the Executioner (level 18, -6/140 HPs)
             Began as a Formicid Fighter on Apr 15, 2021.
             Was the Champion of Okawaru.
             Mangled by an entropy weaver (9 damage)
             ... on level 3 of the Spider Nest.
             The game lasted 00:40:58 (32222 turns).

Froggeryz the Executioner (Formicid Fighter)       Turns: 32222, Time: 00:41:00

Health: -6/140     AC: 13    Str: 25    XL:     18   Next: 6%
Magic:  23/27      EV:  7    Int: 12    God:    Okawaru [******]
Gold:   1797       SH: 22    Dex: 10    Spells: 17/17 levels left

rFire    + . .     SeeInvis +   J - +1 broad axe (freeze)
rCold    + . .     Faith    .   c - +1 kite shield
rNeg     . . .     Spirit   .   U - +7 crystal plate armour of Lethargy {Rampage Will+}
rPois    +         Reflect  +   (helmet unavailable)
rElec    .         Harm     .   R - scarf {rC+ rF+}
rCorr    .         Rampage  +   Q - +0 pair of gloves
Will     ++...                  T - +1 pair of boots {rampage}
Stlth    ..........             Y - amulet of reflection
HPRegen  0.33/turn              w - ring of poison resistance
MPRegen  0.20/turn              W - ring of the Tortoise {AC+8}

@: heroic, finesse-ful, corroded
A: permanent stasis, dig shafts and tunnels, antennae 3, four strong arms
a: Dig, Shaft Self, Renounce Religion, Heroism, Finesse


You were on level 3 of the Spider Nest.
You worshipped Okawaru.
Okawaru was exalted by your worship.
You visited 4 branches of the dungeon, and saw 25 of its levels.
You also visited: Ossuary, Gauntlet and Ice Cave.

You collected 2022 gold pieces.
You spent 225 gold pieces at shops.

Inventory:

Hand Weapons
 B - the +11 executioner's axe "Calustitz" {drain, Drain rC++ rN+ Int+4}
   (You acquired it on level 3 of the Spider Nest)

   A truly terrible weapon, it drains the life of those it strikes.
   It affects your intelligence (+4).
   It greatly protects you from cold.
   It protects you from negative energy.
   It drains your maximum health when unequipped.
 G - a +1 scimitar of flaming
 J - a +1 broad axe of freezing (weapon)
 P - a +5 executioner's axe of freezing
Missiles
 u - 8 curare-tipped darts (quivered)
 x - 5 throwing nets
 K - 6 javelins
 X - 16 silver javelins
Armour
 a - a +0 tower shield
 c - a +1 kite shield (worn)
 O - a +1 cloak of willpower
 Q - a +0 pair of gloves (worn)
 R - a scarf of resistance (worn)
 T - a +1 pair of boots of rampaging (worn)
 U - the +7 crystal plate armour of Lethargy (worn) {Rampage Will+}
   (Okawaru gifted it to you in an ice cave)

   It bestows one free step when moving towards enemies.
   It increases your willpower.
Jewellery
 e - a +4 ring of slaying
 o - a ring of positive energy
 p - a ring of ice
 w - a ring of poison resistance (left hand)
 E - an amulet of regeneration
 L - a ring of protection from fire
 V - a +6 ring of dexterity
 W - the ring of the Tortoise (right hand) {AC+8}
   (You took it off a minotaur in a Gauntlet)

   [ring of protection]

   It affects your AC (+8).
 Y - an amulet of reflection (around neck)
Wands
 j - a wand of paralysis (13)
 k - a wand of flame (48)
 l - a wand of iceblast (31)
 t - a wand of mindburst (20)
 Z - a wand of acid (5)
Scrolls
 b - a scroll of summoning
 h - 4 scrolls of amnesia
 r - 5 scrolls of enchant weapon
 y - 6 scrolls of magic mapping
 C - 4 scrolls of fog
 D - 2 scrolls of holy word
 H - a scroll of fear
 I - a scroll of brand weapon
 N - 3 scrolls of enchant armour
 S - 3 scrolls of immolation
Potions
 d - 6 potions of might
 f - 4 potions of attraction {unknown}
 g - 4 potions of degeneration {unknown}
 i - 5 potions of curing
 m - 2 potions of mutation {unknown}
 n - 2 potions of heal wounds
 q - a potion of ambrosia {unknown}
 s - 2 potions of flight {unknown}
 v - a potion of magic
 z - 2 potions of cancellation
 A - 3 potions of brilliance
 F - 2 potions of resistance
Miscellaneous
 M - a phantom mirror


   Skills:
 * Level 12.2(17.2) Fighting
 * Level 21.2(26.2) Axes
 - Level 7.7(12.7) Armour
 + Level 15.7(20.7) Shields
 - Level 12.0 Invocations


You had 17 spell levels left.
You didn't know any spells.
Your spell library contained the following spells:

 Spells                   Type           Power      Damage    Failure   Level
 Freeze                   Ice            0%         1d3       100%        1
 Sandblast                Erth           0%         2d4       100%        1
 Sting                    Tmut/Pois      0%         1d3       100%        1
 Summon Small Mammal      Summ           0%         N/A       100%        1
 Call Imp                 Summ           0%         N/A       100%        2
 Passwall                 Tmut/Erth      0%         N/A       100%        2
 Poisonous Vapours        Pois/Air       0%         N/A       100%        2
 Static Discharge         Conj/Air       0%         N/A       100%        2
 Wereblood                Tmut           0%         N/A       100%        2
 Call Canine Familiar     Summ           0%         N/A       100%        3
 Frozen Ramparts          Ice            0%         1d2       100%        3
 Ignite Poison            Fire/Tmut/Pois 0%         N/A       100%        3
 Mephitic Cloud           Conj/Pois/Air  0%         N/A       100%        3
 Ozocubu's Armour         Ice            0%         N/A       100%        3
 Summon Guardian Golem    Hex/Summ       0%         N/A       100%        3
 Animate Armour           Summ/Erth      0%         N/A       100%        4
 Hailstorm                Conj/Ice       0%         3d3       100%        4
 Leda's Liquefaction      Hex/Erth       0%         N/A       100%        4
 Olgreb's Toxic Radiance  Pois           0%         N/A       100%        4
 Summon Ice Beast         Ice/Summ       0%         N/A       100%        4
 Summon Lightning Spire   Summ/Air       0%         N/A       100%        4
 Bolt of Magma            Conj/Fire/Erth 0%         4d4       100%        5
 Borgnjor's Vile Clutch   Necr/Erth      0%         N/A       100%        5
 Lightning Bolt           Conj/Air       0%         1d11      100%        5
 Metabolic Englaciation   Hex/Ice        0%         N/A       100%        5
 Yara's Violent Unravell  Hex/Tmut       0%         3d3       100%        5
 Eringya's Noxious Bog    Tmut/Pois      0%         N/A       100%        6
 Iron Shot                Conj/Erth      0%         9d1       100%        6
 Statue Form              Tmut/Erth      0%         N/A       100%        6
 Ozocubu's Refrigeration  Ice            0%         4d5       100%        7
 Ignition                 Fire           0%         3d3       100%        8
 Shatter                  Erth           0%         3d5*      100%        9
 Tornado                  Air            0%         N/A       100%        9


Dungeon Overview and Level Annotations

Branches:
Dungeon (15/15)            Temple (1/1) D:5            Lair (6/6) D:10
 Shoals (0/4) Lair:3       Spider (3/4) Lair:2        Slime (0/5) Lair:5
    Orc (0/2) D:10         Vaults (0/5) D:13         Depths (0/5) D:15
Ossuary (visited)           IceCv (visited)         Gauntlet (visited)

Altars:
Ashenzari
Cheibriados
Dithmenos
Elyvilon
Fedhas
Gozag
Hepliaklqana
Kikubaaqudgha
Makhleb
Nemelex Xobeh
Okawaru
Qazlal
Ru
Sif Muna
Trog
Uskayaw
Vehumet
Wu Jian
Xom
Yredelemnul
Zin
The Shining One

Shops:
D:6 [   D:14 (

Portals:
Trove: D:14 (give +6 ice dragon scales)

Annotations:
Spider:3 exclusion: oklob plant


Innate Abilities, Weirdness & Mutations

You cannot be hasted, slowed, berserked, paralysed or teleported.
You can dig through walls and to a lower floor.
You have a pair of large antennae on your head. (SInv)
Your four strong arms can wield two-handed weapons with a shield.


Message History

* * * LOW HITPOINT WARNING * * *
The acid blob is severely wounded.
The acid blob spits acid at you.
The splash of acid reflects off an invisible shield around you!
The splash of acid hits the acid blob.
The acid blob completely resists.
You hit the acid blob. You freeze the acid blob. The acid corrodes you!
Your hands burn!
* * * LOW HITPOINT WARNING * * *
The acid blob is almost dead.
You slash the acid blob! You freeze the acid blob.
Your hands burn!
* * * LOW HITPOINT WARNING * * *
The acid blob is almost dead.
The acid blob spits acid at you. The splash of acid hits you!
* * * LOW HITPOINT WARNING * * *
You are splashed with acid!
* * * LOW HITPOINT WARNING * * *
The entropy weaver points at you and mumbles some strange words.
The entropic weave corrodes you!
Unknown command.
You feel much better. You block the acid blob's attack.
You hit the acid blob but do no damage.
Your hands burn!
* * * LOW HITPOINT WARNING * * *
The acid blob is almost dead.
You slice the acid blob!! You freeze the acid blob.
You kill the acid blob!
Okawaru accepts your kill.
You closely miss the entropy weaver. You barely miss the entropy weaver.
You closely miss the entropy weaver.
You block the entropy weaver's attack. x3
The entropy weaver hits you!
* * * LOW HITPOINT WARNING * * *
You hit the entropy weaver but do no damage.
You hit the entropy weaver but do no damage.
The entropy weaver hits you!
* * * LOW HITPOINT WARNING * * *
The entropy weaver hits you!
* * * LOW HITPOINT WARNING * * *
You block the entropy weaver's attack. The entropy weaver hits you!
You die...

.# #.# ####..## ## .# #.#
###.#(.## .###.# ###### ###
#.......# ....# #?...###..
##....... ....#
#)........###....... ....##
#$...... .#.<...... .....##
#:${.# P##........ ......## ....
#B## . #........ .......#
....#.#@## .####.......
††....##....^.###.###...#........
†)†...##....... ##.....##.^.^...†
.†.....##......##.......##.....†.
.....!.##^.....[#..##..##........
.......###......#..#######.......
........##..........# #......#
........##.....†...## # #...^###
.......^###...#..###..^ #..###..


You could see an entropy weaver.

Vanquished Creatures
  An acid blob (Spider:3)
  A minotaur (Gauntlet)
  7 entropy weavers
  Snorg (D:14)
  Fannar (D:10)
  A catoblepas (Lair:6)
  5 ogre magi
  11 hydras
  Erica (D:8)
  3 centaur warriors
  9 two-headed ogres
  4 boulder beetles
  A deep troll shaman (Lair:6)
  12 death yaks
  A tengu warrior (D:13)
  A titan skeleton (D:15)
  A skeletal warrior (D:15)
  A storm dragon skeleton (D:15)
  4 wolf spider zombies (Spider:1)
  A swamp dragon (shapeshifter) (D:14)
  3 wizards
  3 spectral wolf spiders (Spider:1)
  A necromancer (D:15)
  Pikel (D:5)
  3 deep elf pyromancers
  A phantasmal warrior (D:15)
  7 orb spiders
  23 wolf spiders
  A stone giant zombie (D:15)
  2 oklob plants
  A manticore (D:15)
  15 ugly things
  5 cyclopes
  8 black mambas
  21 elephants
  A spriggan zombie (D:15)
  2 ice statues (IceCv)
  2 gargoyles
  3 torpor snails
  2 naga magi (D:14)
  7 cane toads
  3 unseen horrors
  9 komodo dragons
  A tengu conjurer (D:13)
  4 rime drakes
  6 demonic crawlers
  A guardian mummy (D:15)
  A freezing wraith (D:15)
  20 jumping spiders
  A merfolk (Lair:3)
  5 trolls
  7 polar bears
  13 blink frogs
  3 wolf spider simulacra
  5 hornets
  A raiju (Gauntlet)
  9 slime creatures
  67 redbacks
  13 dream sheep
  A spriggan (D:9)
  3 centaur simulacra
  4 shadows (Gauntlet)
  A wraith (D:12)
  A water elemental (D:12)
  2 vampires
  26 tarantellas
  6 wyverns
  62 yaks
  3 steam dragons
  3 basilisks
  2 vampire mosquitoes (D:15)
  21 water moccasins
  4 acid dragons (Spider:3)
  5 black bears
  A hornet zombie (D:8)
  9 orc warriors
  10 ice beasts
  2 necrophages
  4 ogres
  21 wolves
  6 centaurs
  2 phantoms (D:5)
  4 kobold brigands
  2 elf zombies (Ossuary)
  17 bullfrogs
  4 scorpions
  A water moccasin skeleton (D:5)
  7 killer bees
  4 wights (D:9)
  3 howler monkeys
  6 electric eels
  A centaur zombie (D:9)
  3 bullfrog zombies (D:4)
  2 jellies (Lair:5)
  A human zombie (Ossuary)
  6 orc priests
  2 hounds
  A centaur skeleton (D:6)
  3 gnoll shamans
  3 iguanas
  18 orc wizards
  A killer bee zombie (D:7)
  A hound zombie (Ossuary)
  A hound skeleton (D:5)
  4 mummies (Ossuary)
  A howler monkey zombie (D:4)
  3 adders
  16 gnolls
  3 white imps
  4 ufetubi
  An adder skeleton (D:4)
  A worm (D:3)
  The ghost of paps the Sneak, a weakling DsDe (D:4)
  A dart slug (D:5)
  58 orcs
  5 bats
  6 endoplasms
  3 giant cockroaches
  A gnoll zombie (Ossuary)
  9 goblins
  6 hobgoblins
  5 jackals (D:2)
  3 quokkas
  6 ball pythons
  3 frilled lizards
  A goblin zombie (Ossuary)
  A jackal zombie (Ossuary)
  19 kobolds
  2 kobold zombies (Ossuary)
  An orc zombie (Ossuary)
  2 rats (D:1)
  2 rat zombies (Ossuary)
806 creatures vanquished.

Vanquished Creatures (others)
  A redback (Spider:2)
  43 fungi
  97 plants
  A withered plant (D:15)
142 creatures vanquished.

Grand Total: 948 creatures vanquished

Notes
Turn   | Place    | Note
-------+----------+-------------------------------------------
     0 | D:1      | Froggeryz the Formicid Fighter began the quest for the Orb.
     0 | D:1      | Reached XP level 1. HP: 18/18 MP: 1/1
   434 | D:1      | Reached XP level 2. HP: 12/24 MP: 2/2
  1182 | D:2      | Reached skill level 3 in Axes
  1182 | D:2      | Reached XP level 3. HP: 20/29 MP: 3/3
  1440 | D:2      | Found a faded altar of an unknown god.
  1474 | D:2      | Found a snail-covered altar of Cheibriados.
  1797 | D:3      | Reached XP level 4. HP: 32/35 MP: 4/4
  1991 | D:3      | Reached skill level 4 in Axes
  1991 | D:3      | Reached XP level 5. HP: 36/41 MP: 5/5
  2331 | D:3      | Reached skill level 5 in Shields
  2708 | D:4      | Noticed an ogre
  2717 | D:4      | Killed an ogre
  2718 | D:4      | Reached skill level 5 in Axes
  2718 | D:4      | Reached XP level 6. HP: 19/47 MP: 6/6
  3075 | D:4      | Noticed a necrophage
  3083 | D:4      | Killed a necrophage
  3270 | D:4      | Reached XP level 7. HP: 32/52 MP: 7/7
  3407 | D:4      | Reached skill level 6 in Axes
  3715 | D:4      | Found a transporter.
  3715 | D:4      | Noticed paps's ghost (weakling DsDe)
  3777 | D:4      | Found a transporter.
  4166 | D:4      | Killed paps's ghost
  4230 | D:5      | Entered Level 5 of the Dungeon
  4294 | D:5      | Reached skill level 7 in Axes
  4294 | D:5      | Reached XP level 8. HP: 45/58 MP: 8/8
  4413 | D:5      | Noticed Pikel
  4432 | D:5      | Found a staircase to the Ecumenical Temple.
  4435 | D:5      | Killed Pikel
  4436 | D:5      | Reached skill level 8 in Axes
  4675 | Temple   | Entered the Ecumenical Temple
  4901 | Temple   | Became a worshipper of Warmaster Okawaru
  4965 | D:5      | Found a shadowy altar of Dithmenos.
  5491 | D:5      | Reached XP level 9. HP: 58/64 MP: 9/9
  5682 | D:6      | Reached skill level 9 in Axes
  5788 | D:6      | Found Qeca's Antique Armour Emporium.
  5796 | D:6      | Bought a crude scale mail for 225 gold pieces
  5796 | D:6      | Identified the +4 scale mail of Duna {rPois rC+ Str+4
                  | Stlth+} (You bought it in a shop on level 6 of the Dungeon)
  5902 | D:6      | Reached * piety under Okawaru
  5917 | D:6      | Reached skill level 10 in Axes
  6235 | D:6      | Found a broken altar of Ashenzari.
  6260 | D:6      | Found an opulent altar of Gozag.
  6803 | D:7      | Reached XP level 10. HP: 19/70 MP: 10/10
  7085 | D:7      | Found a hide-covered altar of Uskayaw.
  7266 | D:8      | Reached skill level 11 in Axes
  7468 | D:8      | Reached ** piety under Okawaru
  7531 | D:8      | Found an ancient bone altar of Kikubaaqudgha.
  7531 | D:8      | Found a shimmering blue altar of Sif Muna.
  7533 | D:8      | Found a radiant altar of Vehumet.
  7537 | D:8      | Identified Sif Muna's Compendium of the Escort
  7581 | D:8      | Found a sand-covered staircase.
  7594 | Ossuary  | Entered an ossuary
  7623 | Ossuary  | Reached skill level 12 in Axes
  8825 | D:8      | Noticed Erica
  9115 | D:8      | Killed Erica
  9263 | D:9      | Reached skill level 13 in Axes
  9453 | D:9      | Reached *** piety under Okawaru
  9824 | D:9      | Reached XP level 11. HP: 58/75 MP: 11/11
  9938 | D:9      | Noticed a two-headed ogre
  9944 | D:9      | Killed a two-headed ogre
  9945 | D:9      | Reached skill level 14 in Axes
  9952 | D:9      | Noticed a centaur warrior
  9967 | D:9      | Killed a centaur warrior
  9967 | D:9      | Reached **** piety under Okawaru
 10750 | D:9      | Found a sparkling altar of Nemelex Xobeh.
 11009 | D:10     | Entered Level 10 of the Dungeon
 11236 | D:10     | Reached skill level 15 in Axes
 11252 | D:10     | Found a staircase to the Lair.
 11606 | D:10     | Reached ***** piety under Okawaru
 11867 | D:10     | Noticed Fannar
 11895 | D:10     | Killed Fannar
 11895 | D:10     | Received a gift from Okawaru
 12131 | D:10     | Reached XP level 12. HP: 63/83 MP: 12/12
 12268 | D:10     | Found a staircase to the Orcish Mines.
 12424 | D:10     | Found a white marble altar of Elyvilon.
 12657 | D:10     | Noticed a two-headed ogre
 12664 | D:10     | Killed a two-headed ogre
 12665 | D:10     | Reached skill level 5 in Fighting
 12665 | D:10     | Reached skill level 16 in Axes
 12965 | Lair:1   | Entered Level 1 of the Lair of Beasts
 13136 | Lair:1   | Identified the +6 war axe of Watchfulness {vorpal, *Rage
                  | rPois rF+++ Str+2} (Okawaru gifted it to you on level 1 of
                  | the Lair of Beasts)
 13136 | Lair:1   | Received a gift from Okawaru
 13408 | Lair:1   | Noticed a five-headed hydra
 13419 | Lair:1   | Killed a two-headed hydra
 14912 | Lair:2   | Noticed a five-headed hydra
 14923 | Lair:2   | Killed a two-headed hydra
 15022 | Lair:2   | Received a gift from Okawaru
 15226 | Lair:2   | Reached skill level 17 in Axes
 15656 | Lair:2   | Reached XP level 13. HP: 94/96 MP: 13/13
 15804 | Lair:2   | Found a hole to the Spider Nest.
 17303 | Lair:3   | Reached ****** piety under Okawaru
 17303 | Lair:3   | Identified the +0 ring mail of Ciolauck {rN++ Int-2}
                  | (Okawaru gifted it to you on level 3 of the Lair of Beasts)
 17303 | Lair:3   | Received a gift from Okawaru
 18365 | Lair:3   | Found a staircase to the Shoals.
 18377 | Lair:3   | Reached skill level 5 in Armour
 18557 | Lair:4   | Reached skill level 18 in Axes
 18801 | Lair:4   | Noticed a seven-headed hydra
 18811 | Lair:4   | Killed a two-headed hydra
 18924 | Lair:4   | Reached XP level 14. HP: 102/108 MP: 14/14
 19811 | Lair:5   | Reached skill level 10 in Fighting
 19883 | Lair:5   | Received a gift from Okawaru
 19984 | Lair:5   | Found a staircase to the Slime Pits.
 20584 | Lair:6   | Entered Level 6 of the Lair of Beasts
 20672 | Lair:6   | Reached skill level 19 in Axes
 20772 | Lair:6   | Reached skill level 1 in Invocations
 20902 | Lair:6   | Reached skill level 10 in Shields
 20956 | Lair:6   | Identified the +6 whip of the Valley {vorpal, rF+ rC- rN+}
 21242 | Lair:6   | Identified the +5 hand axe of the Gloaming {freeze, Int+4}
                  | (Okawaru gifted it to you on level 6 of the Lair of Beasts)
 21242 | Lair:6   | Received a gift from Okawaru
 21285 | Lair:6   | Reached XP level 15. HP: 80/117 MP: 18/18
 21416 | Lair:6   | Reached skill level 5 in Invocations
 21921 | Lair:6   | Identified the +8 hand axe of Posaorgh {vorpal, rF+++ MP-9
                  | Dex+3 SInv} (Okawaru gifted it to you on level 6 of the
                  | Lair of Beasts)
 21921 | Lair:6   | Received a gift from Okawaru
 21937 | Lair:6   | Identified Zagytu's Compendium of the Mutagenic Snowflakes
 23131 | D:12     | Found a frozen archway.
 23144 | IceCv    | Entered an ice cave
 23192 | IceCv    | Found a transporter.
 23215 | IceCv    | Found a transporter.
 23222 | IceCv    | Identified the +7 crystal plate armour of Lethargy {Rampage
                  | Will+} (Okawaru gifted it to you in an ice cave)
 23222 | IceCv    | Received a gift from Okawaru
 23929 | D:13     | Found a gate leading to a gauntlet.
 23944 | Gauntlet | Entered a Gauntlet
 23944 | Gauntlet | Found a transporter.
 23944 | Gauntlet | Found a transporter.
 23944 | Gauntlet | Found a transporter.
 23954 | Gauntlet | Found a transporter.
 23958 | Gauntlet | Found a transporter.
 23965 | Gauntlet | Found a transporter.
 23968 | Gauntlet | Found a transporter.
 23978 | Gauntlet | Found a transporter.
 23980 | Gauntlet | Noticed a reaper
 23994 | Gauntlet | Found a transporter.
 24011 | Gauntlet | Found a transporter.
 24014 | Gauntlet | Found a transporter.
 24024 | Gauntlet | Found a transporter.
 24227 | Gauntlet | Identified the Collected Works on Transmigration and Clay
 24330 | D:13     | Reached XP level 16. HP: 102/123 MP: 22/22
 24365 | D:13     | Found a gate to the Vaults.
 24582 | D:13     | Found a blossoming altar of Fedhas.
 25017 | D:14     | Reached skill level 20 in Axes
 25213 | D:14     | Noticed Snorg
 25222 | D:14     | Killed Snorg
 25376 | D:14     | Identified the +3 chain mail of the Wild Haggis {rC+ Dex+4
                  | Stlth+} (Okawaru gifted it to you on level 14 of the
                  | Dungeon)
 25376 | D:14     | Received a gift from Okawaru
 25377 | D:14     | Reached skill level 10 in Invocations
 25386 | D:14     | Found the +12 glaive of Prune {vorpal}
 25614 | D:14     | Found Amoocaov's Antique Weapon Shoppe.
 25800 | D:14     | Found a portal to a secret trove of treasure.
 26032 | D:15     | Entered Level 15 of the Dungeon
 26272 | D:15     | Found a staircase to the Depths.
 27836 | Spider:1 | Entered Level 1 of the Spider Nest
 28063 | Spider:1 | Received a gift from Okawaru
 28088 | Spider:1 | Reached XP level 17. HP: 98/129 MP: 25/25
 29028 | Spider:1 | Reached skill level 15 in Shields
 30617 | Spider:2 | Received a gift from Okawaru
 30820 | Spider:2 | Reached skill level 21 in Axes
 31634 | Spider:3 | Received a gift from Okawaru
 31808 | Spider:3 | Identified a scroll of acquirement
 31808 | Spider:3 | Acquired the +11 executioner's axe "Calustitz" {drain,
                  | Drain rC++ rN+ Int+4}
 32074 | Spider:3 | Reached XP level 18. HP: 124/140 MP: 27/27
 32181 | Spider:3 | Noticed an acid blob
 32208 | Spider:3 | HP: 6/140 [acid (11)]
 32217 | Spider:3 | Killed an acid blob
 32222 | Spider:3 | HP: 3/140 [entropy weaver (11)]
 32222 | Spider:3 | Mangled by an entropy weaver

Illustrated notes

Levels and vault maps discovered:
D:1:      lightli_arrival_windingriver, layout_basic
D:2:      layout_rooms, hellmonk_ecumenical_altar_inner_sanctum, basic_altar,
          minmay_tetromino_i2
D:3:      layout_loops_ring, palyth_stone_intersect
D:4:      layout_loops_corners, gammafunk_ghost_mausoleum
D:5:      layout_loops_ring, grunt_dithmenos_shadows, serial_glass,
          glass_columns_b, glass_columns_c, kennysheep_generic_room_2,
          uniq_pikel
D:6:      layout_loops_ring, lemuel_doored_altar, marbit_many_paths,
          serial_shops, kennysheep_mini_moat, hangedman_abyss_or_decor_passed
D:7:      layout_cave_pools, eat_drink_and_be_merry_uskayaw
D:8:      layout_basic, grunt_temple_overflow_magic_moments,
          nicolae_ossuary_entry_monument, special_room [special_room_orc],
          uniq_erica
D:9:      kennysheep_blocky_room, layout_grid_maze, nemelex_spade_bored_becter,
          chequers_big_river, minivault_24, the_bakery
D:10:     layout_roguey, lemuel_round_altar, due_lair_maze_entry_diamond,
          nrook_campfire, grunt_ogre_cave, uniq_fannar
D:11:     layout_stronghold
D:12:     layout_roguey, serial_ice, serial_ice_l, serial_ice_a, serial_ice_o,
          serial_ice_d, serial_ice_c, portal_ice_cave_rime
D:13:     layout_cross, david_vaults_1, gauntlet_entry_generic, tgw_fedhas
D:14:     layout_basic, serial_shops, shop, nicolae_trove_entry_columns,
          minmay_guarded_unrand_prune, uniq_snorg
D:15:     gammafunk_depths_entry_grave, layout_loops_ring,
          hangedman_decor_slide_cut, nrook_pool_corridor
Temple:   nicolae_temple_figure_eight
Lair:1:   layout_cave_shapes, minmay_lair_oklob_chamber
Lair:2:   layout_misc_corridors, spider_nest_entry_funnel_web
Lair:3:   layout_chaotic_city, elwin_shoals_entry_rooms
Lair:4:   layout_roguey, grunt_megastairs_1
Lair:5:   layout_loops_ring, minmay_slime_entry_pillars, st_stairs_13,
          minmay_shattered_shrine
Lair:6:   grunt_lair_end_beastmaster, layout_regular_city,
          gammafunk_lair_bear_cave, grunt_megastairs_5
Spider:1: layout_chambers, nicolae_spider_undead_wolf_pack
Spider:2: layout_spider_delve, spiders_nest_hornet_nest
Spider:3: layout_chambers, drop_trap, nicolae_spider_acid_house

Skill      XL: |  1  2  3  4  5  6  7  8  9 10 11 12 13 14 15 16 17 |
---------------+----------------------------------------------------+-----
Shields        | 4 5 6 8 9 10 12 14 15 | 15.7
Axes           | 3 4 5 7 8 10 13 15 17 18 19 20 21 | 21.2
Fighting       | 4 7 9 10 12 | 12.2
Armour         | 6 7 |  7.7
Invocations    | 4 8 11 12 | 12.0

Action                   |  1- 3 |  4- 6 |  7- 9 | 10-12 | 13-15 | 16-18 || total
-------------------------+-------+-------+-------+-------+-------+-------++-------
Melee: War axe           |    88 |    92 |   256 |   402 |       |       ||   838
       Broad axe         |       |       |       |   163 |  1041 |  1013 ||  2217
       Scimitar          |       |       |       |    12 |    66 |     8 ||    86
Throw: Dart              |       |       |       |     2 |     1 |       ||     3
Invok: Heroism           |       |       |       |     4 |     7 |     1 ||    12
       Finesse           |       |       |       |       |       |     1 ||     1
 Abil: Dig               |       |     2 |       |     9 |    12 |    12 ||    35
Evoke: Wand              |       |       |       |    19 |     3 |     1 ||    23
  Use: Scroll            |       |     6 |     2 |     6 |     9 |     2 ||    25
       Potion            |       |       |       |     2 |     2 |     4 ||     8
 Stab: Petrifying        |       |       |       |       |     1 |       ||     1
Armor: Scale mail        |    47 |    28 |   102 |   114 |   246 |       ||   537
       Crystal plate arm |       |       |       |       |    76 |   509 ||   585
Dodge: Dodged            |    38 |    25 |   101 |   136 |   246 |   118 ||   664
Block: Kite shield       |    55 |    44 |   169 |   296 |   563 |   874 ||  2001
       Reflection        |       |       |       |       |       |     7 ||     7
       Rpst.: Scimitar   |       |       |       |     4 |     3 |       ||     7

Table legend: (Time is in decaauts)
 A = Elapsed time spent in this place.
 B = Non-inter-level travel time spent in this place.
 C = Inter-level travel time spent in this place.
 D = Time resting spent in this place.
 E = Time spent auto-exploring this place.
 F = Levels seen in this place.
 G = Mean time per level.
                   A        B        C        D        E       F      G
               +--------+--------+--------+--------+--------+-----+--------+
         Total |  31673 |  30264 |   1409 |   5151 |  19874 |  28 | 1131.2 |
       Dungeon |  17608 |  16812 |    796 |   2776 |  11244 |  15 | 1173.9 |
        Temple |    246 |    209 |     37 |      0 |    207 |   1 |  246.0 |
          Lair |   8943 |   8445 |    498 |   1792 |   5365 |   6 | 1490.5 |
   Spider Nest |   4184 |   4107 |     77 |    484 |   2836 |   3 | 1394.7 |
       Ossuary |    235 |    235 |      0 |     65 |     95 |   1 |  235.0 |
      Ice Cave |    159 |    159 |      0 |     31 |      0 |   1 |  159.0 |
      Gauntlet |    295 |    295 |      0 |      3 |    125 |   1 |  295.0 |
               +--------+--------+--------+--------+--------+-----+--------+

Top non-repeatable levels by time:
Spider:1: 2221 daAuts
     D:9: 2143 daAuts
  Lair:2: 2107 daAuts
  Lair:1: 1955 daAuts
    D:10: 1689 daAuts
     D:4: 1641 daAuts
    D:15: 1547 daAuts
     D:8: 1514 daAuts
  Lair:3: 1471 daAuts
  Lair:6: 1383 daAuts
    D:14: 1247 daAuts
     D:5: 1204 daAuts
  Lair:5: 1109 daAuts
     D:1: 1061 daAuts
Spider:2: 1001 daAuts
